 Dungeon Crawl Stone Soup version 0.31-a0-1-g4198be8af4 (webtiles) character file.

Game seed: 683909417802302304

5474 melkoren the Cleaver (level 10, -6/72 HPs)
             Began as a Demonspawn Gladiator on May 1, 2023.
             Was a Priest of Ru.
             Mangled by Harold
             ... wielding a +0 trident
              (25 damage)
             ... on level 10 of the Dungeon.
             The game lasted 00:29:26 (9871 turns).

melkoren the Cleaver (Demonspawn Gladiator)         Turns: 9871, Time: 00:29:26

Health: -6/72      AC: 17    Str: 19    XL:     10   Next: 42%
Magic:  11/11      EV:  7    Int: 10    God:    Ru [***...]
Gold:   405        SH:  0    Dex: 11    Spells: 9/9 levels left

rFire   + . .        m - +5 war axe
rCold   . . .        (no shield)
rNeg    . . .        i - +3 plate armour
rPois   .            c - +0 helmet
rElec   .            H - scarf {repulsion}
rCorr   .            (no gloves)
SInv    .            (no boots)
Will    .....        t - amulet of Pemubof {Acrobat Harm Dex-3 Slay+3} Stlth
                     F - ring of protection from fire
HPRegen 0.32/turn    L - ring of flight
MPRegen 0.12/turn

%: harm (+30% outgoing, +20% incoming), repel missiles, acrobat
@: marked, flying
A: claws 1, hooves 1, foul stench 3, powered by death 1, no stealth, inability
to use devices, weakness stinger 1, frail 1, high MP 1
a: Renounce Religion, Draw Out Power


You were on level 10 of the Dungeon.
You worshipped Ru.
Ru was most pleased with you.
You visited 1 branch of the dungeon, and saw 10 of its levels.

You collected 530 gold pieces.
You spent 125 gold pieces at shops.


Innate Abilities, Weirdness & Mutations

You have sharp fingernails.
You have large cloven feet.
You frequently emit foul miasma when damaged in melee.
You regenerate a little health from kills.
You cannot be stealthy.
You cannot study or use magical devices.
You have a small tail.
You are frail. (-10% HP)
You have an increased reservoir of magic. (+10% MP)


   Skills:
 + Level 8.0 Fighting
 * Level 10.3 Axes
 - Level 1.7 Throwing
 + Level 7.5 Armour
 - Level 2.6 Dodging


You had 9 spell levels left.
You didn't know any spells.
Your spell library contained the following spells:

 Spells                   Type           Power      Damage    Failure   Level
 Cigotuvi's Dreadful Rot  Necr/Pois/Air  0%         N/A       100%        2
 Poisonous Vapours        Pois/Air       0%         N/A       100%        2
 Static Discharge         Conj/Air       0%         2-2/arc   100%        2
 Call Canine Familiar     Summ           0%         N/A       100%        3
 Ignite Poison            Fire/Tmut/Pois 0%         N/A       100%        3
 Mephitic Cloud           Conj/Pois/Air  0%         N/A       100%        3
 Portal Projectile        Hex/Tloc       0%         N/A       100%        3
 Stone Arrow              Conj/Erth      0%         3d7       100%        3
 Vhi's Electric Charge    Tloc/Air       0%         N/A       100%        3
 Airstrike                Air            0%         2d(0-16)  100%        4
 Anguish                  Hex/Necr       0%         N/A       100%        4
 Animate Armour           Summ/Erth      0%         N/A       100%        4
 Cause Fear               Hex            0%         N/A       100%        4
 Leda's Liquefaction      Hex/Erth       0%         N/A       100%        4
 Passage of Golubria      Tloc           0%         N/A       100%        4
 Summon Lightning Spire   Summ/Air       0%         N/A       100%        4
 Arcjolt                  Conj/Air       0%         1d10      100%        5
 Blade Hands              Tmut           0%         N/A       100%        5
 Freezing Cloud           Conj/Ice/Air   0%         6-21      100%        5
 Irradiate                Conj/Tmut      0%         3d11      100%        5
 Silence                  Hex/Air        0%         N/A       100%        5
 Iron Shot                Conj/Erth      0%         9d1       100%        6
 Dragon Form              Tmut           0%         N/A       100%        7
 Enfeeble                 Hex            0%         N/A       100%        7
 Lehudib's Crystal Spear  Conj/Erth      0%         10d2      100%        8
 Maxwell's Capacitive Co  Air            0%         ∞         100%        8

Inventory:

Hand Weapons
 m - a +5 war axe (weapon)
   (You took it off an orc on level 4 of the Dungeon)
 n - a +2 vampiric short sword
   (You took it off a kobold on level 4 of the Dungeon)
 o - a +0 dagger of venom
   (You took it off a goblin on level 3 of the Dungeon)
 w - a +1 morningstar of flaming
   (You took it off an orc priest on level 8 of the Dungeon)
Missiles
 d - 3 throwing nets {=f!f}
 e - 8 javelins
 f - 6 poisoned darts
 g - 11 boomerangs
 q - 72 stones
 v - 6 curare-tipped darts (quivered) {=f}
Armour
 a - a +0 ring mail
   (You found it on level 7 of the Dungeon)
 c - a +0 helmet (worn)
 i - a +3 plate armour (worn)
   (You found it on level 1 of the Dungeon)
 j - a +0 chain mail
   (You took it off an orc warrior on level 8 of the Dungeon)
 k - a +0 robe
   (You took it off a wight on level 9 of the Dungeon)
 p - the +0 plate armour "Palod" {Fly}
   (You found it on level 8 of the Dungeon)

   Fly:       It grants you flight.
 s - a +0 robe
   (You took it off a wight on level 8 of the Dungeon)
 y - a +2 helmet
   (You found it on level 8 of the Dungeon)
 C - a +0 robe
   (You took it off a wight on level 9 of the Dungeon)
 D - a +0 robe
   (You took it off a wight on level 9 of the Dungeon)
 E - a +0 ring mail
   (You found it on level 8 of the Dungeon)
 H - a scarf of repulsion (worn)
   (You found it on level 8 of the Dungeon)
 I - a +2 leather armour of poison resistance
   (You found it on level 8 of the Dungeon)
 K - a +2 scale mail of cold resistance
   (You found it on level 8 of the Dungeon)
 N - a +0 chain mail
   (You took it off an orc warrior on level 8 of the Dungeon)
 Q - a +0 leather armour
   (You took it off an orc on level 8 of the Dungeon)
 R - +0 acid dragon scales
   (You found it on level 8 of the Dungeon)
 S - a +0 robe
   (You took it off a wight on level 8 of the Dungeon)
 V - a +0 chain mail
   (You found it on level 8 of the Dungeon)
Magical Staves
 J - a staff of cold {!a}
   (You found it on level 8 of the Dungeon)
Jewellery
 t - the amulet of Pemubof (around neck) {Acrobat Harm Dex-3 Slay+3}
   (You took it off a goblin on level 3 of the Dungeon)

   [amulet of the acrobat]

   It increases your evasion while moving and waiting.
   Dex:       It affects your dexterity (-3).
   Slay:      It affects your accuracy & damage with ranged weapons and melee
   (+3).
   Harm:      It increases damage dealt and taken.
 F - a ring of protection from fire (left claw)
   (You found it on level 3 of the Dungeon)
 L - a ring of flight (right claw)
   (You found it on level 4 of the Dungeon)
 M - a ring of willpower
   (You found it on level 8 of the Dungeon)
 T - an amulet of faith {!P}
   (You found it on level 8 of the Dungeon)
Wands
 G - a wand of polymorph (14)
   (You found it on level 8 of the Dungeon)
 O - a wand of mindburst (7)
   (You found it on level 8 of the Dungeon)
Scrolls
 h - 3 scrolls of poison {!r}
 u - 4 scrolls of identify {@r1}
 x - 3 scrolls of blinking {!r}
 z - 2 scrolls of immolation {!r!r}
 B - 2 scrolls of fog
 U - 3 scrolls of enchant weapon
Potions
 b - a potion of lignification {!q}
 l - 4 potions of attraction {!q}
 r - a potion of brilliance
 A - a potion of resistance
 P - a potion of mutation {!q}
 W - a potion of curing {@q1}

Dungeon Overview and Level Annotations

Branches:
Dungeon (10/15) Zot: 26927  Temple (0/1) D:7
   Lair: D:8-11         Orc: D:9-12

Altars:
Kikubaaqudgha
Makhleb
Ru
Sif Muna
Yredelemnul

Shops:
D:8 *

Annotations:
D:10 Harold

##......#
##..##.#.###
#.#.###..#.#
#.#...#..#.#
#######.#<..#..#.#
.................#
..#.##.##......#.#
..#.##.#########.#
..#.##.# #####@#
..#.##.# #...@.#
..#.##.# #...>.###
.......# #..<..
###.#### #....@
#.# #..... #.#
#..... #.# ###...
#.. ####


You could see Harold (strong).


Message History

You now have 108 max hp (+36).
Your hp is fully restored (108).
Calm down first, please.
Calm down first, please.
Calm down first, please.
You start waiting.
You feel a strong urge to attack something.
You start waiting.
You feel your anger nearly subside.
You are no longer berserk.
You are exhausted.
You feel yourself slow down. 😎 HP[-36]
You now have 72 max hp (-36).
You start waiting.
You feel yourself speed up.
You start waiting.
You recover from your berserk rage.
Okay, then.
Done exploring.
(D) Dungeon (T) Temple
Where to? (Enter - D:9, ? - help)
What level of the Dungeon? (default 1, ? - help)
There is a stone staircase leading down here.
You fly downwards.
There is a stone staircase leading up here.
There is a stone staircase leading down here.
You fly downwards.
There is a stone staircase leading up here.
U - 3 scrolls of enchant weapon
B - 2 scrolls of fog (gained 1)
W - a potion of curing {@q1}
Found a stone staircase leading down and a stone staircase leading up.
Harold the Weathered comes into view.
He is wielding a +0 trident.
Harold shouts!
Harold throws a throwing net.
The throwing net hits you.
You become entangled in the net!
You see here a throwing net {=f!f}.
You struggle against the net.
A wraith comes into view.
You struggle against the net.
You redirect Harold's attack!
Harold casts a spell at himself.
Harold is unaffected.
You struggle against the net.
You shred the net and break free! You barely miss the wraith.
You claw the wraith, but do no damage. You slash the wraith!
Your kick misses the wraith.
Your tail-slap misses the wraith.
The wraith closely misses you.
You hit the wraith. You kick the wraith.
The wraith hits you but does no damage.
Harold hits you from afar with a +0 trident! 😕 HP[-9]
You take 9 damage, and now have 63/72 hp.
You hit the wraith but do no damage. The wraith hits you but does no damage.
Harold hits you from afar with a +0 trident! 😮 HP[-13]
You take 13 damage, and now have 50/72 hp.
You hit the wraith but do no damage. The wraith hits you but does no damage.
Harold hits you from afar with a +0 trident! 😮 HP[-9]
You take 9 damage, and now have 41/72 hp.
Unknown command.
You slice the wraith!!
You destroy the wraith!
Harold gestures at you while chanting. A sentinel's mark forms upon you.
Your Fighting skill increases to level 8! 😮 HP[+2]
You regained 2 hp, and now have 43/72 hp.
Okay, then.
Harold misses you. 😮 HP[+1]
You hit Harold. Your kick misses Harold.
You redirect Harold's attack!
Harold hits you with a +0 trident!
* * * LOW HITPOINT WARNING * * *
😨 HP[-8]
You take 8 damage, and now have 36/72 hp.
You slash Harold! Your kick misses Harold.
Harold hits you but does no damage. 😮 HP[+1]
You slash Harold!
Harold drinks a potion.
Harold seems to grow stronger.
You slash Harold!
Harold says, "My wife will appreciate not having to wash blood out of my clothes anymore."
Harold hits you with a +0 trident.
* * * LOW HITPOINT WARNING * * *
😨 HP[-1]
You take 1 damage, and now have 36/72 hp.
You slash Harold! You kick Harold. Harold casts a spell at you.
The mark upon you grows brighter. 😮 HP[+1]
You barely miss Harold. Harold hits you with a +0 trident!
* * * LOW HITPOINT WARNING * * *
😨 HP[-18]
You take 18 damage, and now have 19/72 hp.
MASSIVE DAMAGE!! (PAUSE)
You hit Harold. You kick Harold, but do no damage. Your claw misses Harold.
Harold hits you with a +0 trident!!
You die...

Skill      XL: |  1  2  3  4  5  6  7  8  9 10 |
---------------+-------------------------------+-----
Armour         | 1 2 3 4 5 7 |  7.5
Axes           | 3 4 5 6 7 9 10 | 10.3
Fighting       | 3 4 6 7 8 |  8.0
Throwing       | |  1.7
Dodging        | |  2.6

Action                     |  1- 3 |  4- 6 |  7- 9 | 10-12 || total
---------------------------+-------+-------+-------+-------++-------
  Melee: War axe           |    97 |   155 |   145 |    91 ||   488
         Punch             |     1 |       |     2 |     3 ||     6
         Tailslap          |       |    21 |    14 |    10 ||    45
         Kick              |       |       |    31 |    24 ||    55
  Throw: Dart              |       |     6 |     3 |       ||     9
 Invoke: Sacrifice Stealth |     1 |       |       |       ||     1
         Sacrifice Artific |       |     1 |       |       ||     1
         Reject Sacrifices |       |       |     1 |       ||     1
    Use: Potion            |     5 |     5 |     3 |     3 ||    16
         Scroll            |       |     9 |     4 |     2 ||    15
   Stab: Invisible         |       |       |     1 |     1 ||     2
         Distracted        |       |       |       |     2 ||     2
 Armour: Plate armour      |    59 |   155 |   117 |    53 ||   384
         Leather armour    |     2 |       |       |       ||     2
  Dodge: Dodged            |    25 |    60 |    77 |    39 ||   201

Levels and vault maps discovered:
D:1:      wander_arrival_desolate, layout_loops_ring, basic_ecumenical_altar
D:2:      layout_basic, amcnicky_mini_corridor_feature, minmay_pentomino_v2
D:3:      layout_loops_ring
D:4:      layout_loops_ring
D:5:      layout_basic, nicolae_overflow_hidden_temple, dk_noncrumbling_2
D:6:      layout_gridville, serial_bayou, serial_bayou_pond_d,
          serial_bayou_ford_a, serial_bayou_pond_d, serial_bayou_shore_a
D:7:      cheibrodos_iron_armory, layout_rooms, minmay_temple_entry_hall,
          minmay_fire_ice_demons
D:8:      minmay_the_grid_plus [minmay_the_grid_spin_star,
          minmay_the_grid_stretched_grid, minmay_the_grid_all_tris,
          minmay_the_grid_diamond_grid, minmay_the_grid_prize_diamond_cup],
          layout_loops_ring, serial_shops, kennysheep_little_box,
          enter_bailey_4, minmay_joined_circles
D:9:      layout_irregular_city, due_lair_maze_entry_diamond, roderic_lattice_a
D:10:     cheibrodos_orc_bank, layout_loops_cross, orc_david_3, uniq_lodul,
          uniq_fannar, uniq_harold

Notes
Turn   | Place    | Note
-------+----------+-------------------------------------------
     0 | D:1      | melkoren the Demonspawn Gladiator began the quest for the
                  | Orb.
     0 | D:1      | Reached XP level 1. HP: 16/16 MP: 1/1
     0 | D:1      | magus.rc [v1.11.3]
    22 | D:1      | You pick up a book of Transfigurations and begin reading...
    22 | D:1      | You add the spells Irradiate, Blade Hands and Dragon Form
                  | to your library.
   150 | D:1      | Gained mutation: You regenerate a little health from kills.
                  | [demonic ancestry]
   150 | D:1      | Reached XP level 2. HP: 17/22 MP: 2/2
   210 | D:1      | Reached skill level 1 in Armour
   235 | D:1      | Reached skill level 3 in Axes
   423 | D:1      | Gained mutation: You may rarely emit foul miasma when
                  | damaged in melee. [demonic ancestry]
   423 | D:1      | Reached XP level 3. HP: 22/28 MP: 3/3
   446 | D:1      | Found a faded altar of an unknown god.
   462 | D:1      | Prayed at the altar of an unknown god.
   462 | D:1      | Became a worshipper of Ru the Awakened
   476 | D:1      | Gained mutation: You cannot be stealthy. [Ru sacrifice]
   815 | D:2      | You pick up a book of Hexes and begin reading...
   815 | D:2      | You add the spells Anguish, Cause Fear and Enfeeble to your
                  | library.
   828 | D:2      | You pick up a book of Iron and begin reading...
   828 | D:2      | You add the spells Animate Armour and Iron Shot to your
                  | library.
  1397 | D:2      | You feel monstrous as your demonic heritage exerts itself.
  1397 | D:2      | Discovered your monstrous ancestry.
  1397 | D:2      | Gained mutation: You have a small tail. [demonic ancestry]
  1397 | D:2      | Reached XP level 4. HP: 34/34 MP: 4/4
  1598 | D:2      | Gained mutation: You are frail. (-10% HP) [potion of
                  | mutation]
  1598 | D:2      | Gained mutation: You have an increased reservoir of magic.
                  | (+10% MP) [potion of mutation]
  1735 | D:3      | Reached skill level 2 in Armour
  1972 | D:3      | HP: 6/30 [gnoll/+0 spear (6)]
  2246 | D:3      | Identified the amulet of Pemubof {Acrobat Harm Dex-3
                  | Slay+3}
  2378 | D:3      | You pick up a book of Armaments and begin reading...
  2378 | D:3      | You add the spells Stone Arrow and Lehudib's Crystal Spear
                  | to your library.
  2584 | D:3      | Reached skill level 3 in Fighting
  2743 | D:4      | Reached XP level 5. HP: 36/36 MP: 5/5
  3261 | D:4      | Noticed a black bear
  3267 | D:4      | Killed a black bear
  3268 | D:4      | Reached skill level 4 in Axes
  3268 | D:4      | Reached skill level 3 in Armour
  3447 | D:5      | Entered Level 5 of the Dungeon
  3463 | D:5      | You pick up a book of Vapours and begin reading...
  3463 | D:5      | You add the spells Poisonous Vapours, Mephitic Cloud and
                  | Freezing Cloud to your library.
  3585 | D:5      | Gained mutation: You have sharp fingernails. [demonic
                  | ancestry]
  3585 | D:5      | Reached XP level 6. HP: 42/42 MP: 6/6
  3593 | D:5      | Found a basalt altar of Yredelemnul.
  3722 | D:5      | Gained mutation: You cannot study or use magical devices.
                  | [Ru sacrifice]
  3722 | D:5      | Reached * piety under Ru
  3722 | D:5      | Reached ** piety under Ru
  3722 | D:5      | Reached *** piety under Ru
  3791 | D:5      | Found a burning altar of Makhleb.
  3791 | D:5      | Found a shimmering blue altar of Sif Muna.
  3792 | D:5      | Found an ancient bone altar of Kikubaaqudgha.
  4072 | D:6      | Noticed a steam dragon
  4083 | D:6      | Noticed an ice beast
  4094 | D:5      | HP: 8/42 [steam dragon/ball of steam (6)]
  4095 | D:5      | HP: 1/42 [steam dragon (7)]
  4096 | D:5      | Killed a steam dragon
  4359 | D:5      | Reached skill level 4 in Armour
  4489 | D:5      | Reached skill level 5 in Axes
  4489 | D:5      | Gained mutation: You sometimes emit foul miasma when
                  | damaged in melee. [demonic ancestry]
  4489 | D:5      | Reached XP level 7. HP: 40/47 MP: 7/7
  4494 | D:5      | Reached skill level 4 in Fighting
  4957 | D:6      | Reached skill level 6 in Axes
  5315 | D:6      | Gained mutation: You have large cloven feet. [demonic
                  | ancestry]
  5315 | D:6      | Reached XP level 8. HP: 47/54 MP: 8/8
  5399 | D:6      | Reached skill level 5 in Fighting
  5405 | D:6      | Reached skill level 5 in Armour
  6321 | D:6      | Reached skill level 7 in Axes
  7224 | D:7      | You pick up a book of Storms and begin reading...
  7224 | D:7      | You add the spells Static Discharge, Airstrike and Summon
                  | Lightning Spire to your library.
  7294 | D:7      | Found a staircase to the Ecumenical Temple.
  7496 | D:7      | Reached skill level 6 in Fighting
  7496 | D:7      | Reached XP level 9. HP: 61/62 MP: 9/9
  7533 | D:8      | Found Widgh's Assorted Antiques.
  7545 | D:8      | Bought 2 scrolls labelled VEM YGOODEHO for 50 gold pieces
  7545 | D:8      | Bought a scroll of teleportation for 75 gold pieces
  7580 | D:8      | Identified the +0 plate armour "Palod" {Fly}
  7598 | D:8      | Reached skill level 8 in Axes
  7612 | D:8      | Reached skill level 6 in Armour
  7667 | D:8      | You add the spells Vhi's Electric Charge, Arcjolt and
                  | Maxwell's Capacitive Coupling to your library.
  7721 | D:8      | Noticed a manticore
  7722 | D:8      | Noticed a centaur warrior
  7764 | D:8      | Killed a centaur warrior
  7764 | D:8      | HP: 15/63 [centaur (1)]
  7768 | D:8      | Reached skill level 9 in Axes
  7781 | D:8      | HP: 14/63 [centaur/arrow (6)]
  7789 | D:8      | Reached skill level 7 in Fighting
  7981 | D:8      | Noticed a two-headed ogre
  7983 | D:8      | HP: 16/64 [two-headed ogre/+0 giant club (6)]
  7986 | D:8      | Killed a two-headed ogre
  7987 | D:8      | Reached skill level 7 in Armour
  8150 | D:8      | You are sucked into a shaft and drop 1 floor!
  8159 | D:9      | Gained mutation: You frequently emit foul miasma when
                  | damaged in melee. [demonic ancestry]
  8159 | D:9      | Reached XP level 10. HP: 71/71 MP: 11/11
  8734 | D:8      | You pick up a book of the Hunter and begin reading...
  8734 | D:8      | You add the spells Call Canine Familiar, Portal Projectile
                  | and Leda's Liquefaction to your library.
  8736 | D:8      | You pick up a book of the Moon and begin reading...
  8736 | D:8      | You add the spells Passage of Golubria and Silence to your
                  | library.
  8887 | D:8      | You add the spells Cigotuvi's Dreadful Rot and Ignite
                  | Poison to your library.
  9133 | D:8      | Reached skill level 10 in Axes
  9146 | D:8      | Paralysed by a hornet for 1 turns
  9799 | D:10     | Entered Level 10 of the Dungeon
  9849 | D:10     | Noticed Harold
  9864 | D:10     | Reached skill level 8 in Fighting
  9871 | D:10     | Mangled by Harold

Vanquished Creatures
  A two-headed ogre (D:8)
  A hornet (D:8)
  A wraith (D:10)
  2 wyverns
  2 yaks (D:8)
  A steam dragon (D:5)
  An acid dragon (D:8)
  2 water moccasins
  2 orc warriors (D:8)
  3 sky beasts
  A black bear (D:4)
  An ice beast (D:5)
  4 centaurs (D:8)
  A phantom (D:6)
  2 kobold brigands (D:8)
  6 bullfrogs
  7 scorpions
  6 wights
  5 killer bees (D:8)
  A crimson imp (D:7)
  A hound (D:7)
  A jelly (D:8)
  A sleepcap (D:8)
  4 orc priests
  2 iguanas (D:6)
  2 orc wizards (D:5)
  5 adders
  5 gnolls
  A shadow imp (D:8)
  4 white imps
  3 worms
  3 dart slugs
  25 orcs
  6 ball pythons
  8 bats
  5 endoplasms
  2 giant cockroaches
  12 goblins
  2 hobgoblins (D:3)
  5 jackals
  7 kobolds
  2 quokkas
  2 frilled lizards (D:1)
  4 rats (D:1)
162 creatures vanquished.

Vanquished Creatures (others)
  A centaur warrior (D:8)
  22 plants (D:6)
23 creatures vanquished.

Grand Total: 185 creatures vanquished

Table legend:
 A = Non-vault XP
 B = Vault XP
 C = Vault XP percentage of total XP
 D = Non-vault monster count
 E = Vault monster count
 F = Vault count percentage of total count
                 A         B        C        D         E       F
            +---------+---------+-------+---------+---------+-------
      Total |    3856 |    3965 |  50.7 |     127 |      36 |  22.1
            +---------+---------+-------+---------+---------+-------
        D:1 |      53 |       0 |   0.0 |      24 |       0 |   0.0
        D:2 |      31 |      19 |  38.0 |       9 |       2 |  18.2
        D:3 |      92 |       0 |   0.0 |      17 |       0 |   0.0
        D:4 |     174 |       0 |   0.0 |      19 |       0 |   0.0
        D:5 |     548 |       0 |   0.0 |      13 |       0 |   0.0
        D:6 |    1147 |       0 |   0.0 |      25 |       0 |   0.0
        D:7 |     679 |      58 |   7.9 |       6 |       2 |  25.0
        D:8 |     450 |    3888 |  89.6 |       7 |      32 |  82.1
        D:9 |     468 |       0 |   0.0 |       6 |       0 |   0.0
       D:10 |     214 |       0 |   0.0 |       1 |       0 |   0.0
            +---------+---------+-------+---------+---------+-------

Skill      XL: |  1  2  3  4  5  6  7  8  9 10 |
---------------+-------------------------------+-----
Armour         | 1 2 3 4 5 7 |  7.5
Axes           | 3 4 5 6 7 9 10 | 10.3
Fighting       | 3 4 6 7 8 |  8.0
Throwing       | |  1.7
Dodging        | |  2.6

Action                     |  1- 3 |  4- 6 |  7- 9 | 10-12 || total
---------------------------+-------+-------+-------+-------++-------
  Melee: War axe           |    97 |   155 |   145 |    91 ||   488
         Punch             |     1 |       |     2 |     3 ||     6
         Tailslap          |       |    21 |    14 |    10 ||    45
         Kick              |       |       |    31 |    24 ||    55
  Throw: Dart              |       |     6 |     3 |       ||     9
 Invoke: Sacrifice Stealth |     1 |       |       |       ||     1
         Sacrifice Artific |       |     1 |       |       ||     1
         Reject Sacrifices |       |       |     1 |       ||     1
    Use: Potion            |     5 |     5 |     3 |     3 ||    16
         Scroll            |       |     9 |     4 |     2 ||    15
   Stab: Invisible         |       |       |     1 |     1 ||     2
         Distracted        |       |       |       |     2 ||     2
 Armour: Plate armour      |    59 |   155 |   117 |    53 ||   384
         Leather armour    |     2 |       |       |       ||     2
  Dodge: Dodged            |    25 |    60 |    77 |    39 ||   201

Illustrated notes

Table legend:
 A = Kills in this place as a percentage of kills in the entire game.
 B = Kills by you in this place as a percentage of kills by you in the entire game.
 C = Kills by friends in this place as a percentage of kills by friends in the entire game.
 D = Other kills in this place as a percentage of other kills in the entire game.
 E = Experience gained in this place as a percentage of experience gained in the entire game.
 F = Experience gained in this place divided by the number of levels of this place that you have seen.
                   A       B       C       D       E      F
               +-------+-------+-------+-------+-------+----------------------
         Total | 100.0 | 100.0 |   N/A | 100.0 | 100.0 | 782.1
       Dungeon | 100.0 | 100.0 |   N/A | 100.0 | 100.0 | 782.1
               +-------+-------+-------+-------+-------+----------------------

Table legend: (Time is in decaauts)
 A = Elapsed time spent in this place.
 B = Non-inter-level travel time spent in this place.
 C = Inter-level travel time spent in this place.
 D = Time resting spent in this place.
 E = Time spent auto-exploring this place.
 F = Levels seen in this place.
 G = Mean time per level.
                   A        B        C        D        E       F      G
               +--------+--------+--------+--------+--------+-----+--------+
         Total |   9977 |   9714 |    263 |   3451 |   4569 |  10 |  997.7 |
       Dungeon |   9977 |   9714 |    263 |   3451 |   4569 |  10 |  997.7 |
               +--------+--------+--------+--------+--------+-----+--------+

Top non-repeatable levels by time:
     D:6: 2043 daAuts
     D:8: 1756 daAuts
     D:5: 1156 daAuts
     D:3: 1016 daAuts
     D:2: 942 daAuts
     D:7: 898 daAuts
     D:1: 815 daAuts
     D:4: 734 daAuts
     D:9: 542 daAuts
    D:10: 71 daAuts
